 Dungeon Crawl Stone Soup version 0.32-a0-391-gce5c0aab1b (webtiles) character file.

Game seed: 16041327071144746277

17439 cforsyth the Carver (level 12, 0/91 HPs)
             Began as a Coglin Gladiator on Feb 20, 2024.
             Was a Believer of Hepliaklqana.
             Slain by a harpy simulacrum (16 damage)
             ... in an ice cave.
             The game lasted 00:29:00 (14748 turns).

cforsyth the Carver (Coglin Gladiator)             Turns: 14748, Time: 00:29:01

Health: 0/91       AC: 16    Str: 20    XL:     12   Next: 48%
Magic:  12/12      EV: 12    Int:  8    God:    Hepliaklqana [**....]
Gold:   1817       SH:  0    Dex: 26    Spells: 11/11 levels left

rFire   . . .        a - +4 long sword of Wrath {freeze, ^Contam rElec Will+ Str+2}
rCold   . . .        b - +3 scimitar (freeze) {Teghnoor}
rNeg    . . .        I - +0 plate armour
rPois   .            c - +0 helmet
rElec   +            n - +1 cloak {Will+}
rCorr   .            s - +2 pair of gloves {Str+3}
SInv    .            (no boots)
Will    +++..        L - amulet of the acrobat Stlth
                     W - ring of willpower
HPRegen 0.35/turn    D - +6 ring of dexterity
MPRegen 0.13/turn

%: acrobat
@: hasted, stiff-legged, very slow
A: reduced essence, off-hand wielding, slow wielding, warmup strikes, warmup
strides
a: Renounce Religion, Recall Ancestor, Ancestor Identity


You were in an ice cave.
You worshipped Hepliaklqana.
Hepliaklqana was pleased with you.
You visited 2 branches of the dungeon, and saw 13 of its levels.
You also visited: Sewer, Bailey and Ice Cave.

You collected 1817 gold pieces.


Innate Abilities, Weirdness & Mutations

Your life essence is reduced to manifest your ancestor. (-10% HP)
You can wield a second weapon in your off-hand.
It takes a long time for you to wield or remove held weapons.
Your first few attacks do less damage.
Your first movements take longer.


   Skills:
 + Level 12.0 Fighting
 + Level 12.0 Long Blades
 - Level 1.7 Throwing
 + Level 11.1 Dodging


You had 11 spell levels left.
You didn't know any spells.
Your spell library contained the following spells:

 Spells                   Type           Power      Damage    Failure   Level
 Foxfire                  Conj/Fire      0%         2x1d4     100%        1
 Freeze                   Ice            0%         1d3       100%        1
 Slow                     Hex            0%         N/A       100%        1
 Sublimation of Blood     Necr           0%         N/A       100%        2
 Confusing Touch          Hex            0%         N/A       100%        3
 Frozen Ramparts          Ice            0%         1d1       100%        3
 Gell's Gravitas          Tloc           0%         N/A       100%        3
 Hailstorm                Conj/Ice       0%         3d5       100%        3
 Sigil of Binding         Hex            0%         N/A       100%        3
 Teleport Other           Tloc           0%         N/A       100%        3
 Vampiric Draining        Necr           0%         2d6       100%        3
 Brom's Barrelling Bould  Conj/Erth      0%         2d3       100%        4
 Ignite Poison            Fire/Alch      0%         N/A       100%        4
 Petrify                  Alch/Erth      0%         N/A       100%        4
 Sticky Flame             Fire/Alch      0%         2d4       100%        4
 Fireball                 Conj/Fire      0%         3d3       100%        5
 Irradiate                Conj/Alch      0%         3d11      100%        5
 Iskenderun's Battlesphe  Conj           0%         2d6       100%        5
 Conjure Ball Lightning   Conj/Air       0%         3x3d6     100%        6
 Dispersal                Tloc           0%         N/A       100%        6
 Plasma Beam              Fire/Air       0%         2x1d10    100%        6
 Starburst                Conj/Fire      0%         6d3       100%        6
 Orb of Destruction       Conj           0%         9d5       100%        7
 Ignition                 Fire           0%         3d3       100%        8

Inventory:

Hand Weapons
 a - the +4 long sword of Wrath (weapon) {freeze, ^Contam rElec Will+ Str+2}
   (You found it on level 6 of the Dungeon)

   Str+2:     It affects your strength (+2).
   rElec:     It insulates you from electricity.
   Will+:     It increases your willpower.
   ^Contam:   It causes magical contamination when unequipped.
 b - a +3 scimitar of freezing (worn) {Teghnoor}
Missiles
 d - a throwing net (quivered) {=f}
 e - a javelin
Armour
 c - a +0 helmet (worn)
 n - a +1 cloak of willpower (worn)
 s - a +2 pair of gloves of strength (worn)
 t - a +0 chain mail
 H - a +0 leather armour
 I - a +0 plate armour (worn)
Magical Staves
 j - a staff of earth {!a}
Jewellery
 w - a ring of willpower
 C - a ring of ice
 D - a +6 ring of dexterity (right grasper)
 E - a +5 ring of evasion
 L - an amulet of the acrobat (around neck)
 W - a ring of willpower (left grasper)
 Z - a ring of wizardry
Wands
 v - a wand of light (10)
 J - a wand of roots (4)
 N - a wand of paralysis (11)
Scrolls
 g - 3 scrolls of amnesia {unknown}
 h - 3 scrolls of brand weapon
 k - 7 scrolls of teleportation {@r2}
 m - a scroll of poison {unknown}
 p - 2 scrolls of blinking {unknown}
 q - 2 scrolls of immolation {unknown}
 r - a scroll of fear {unknown}
 u - 2 scrolls of fog {unknown}
 y - 2 scrolls of enchant weapon
 B - 2 scrolls of vulnerability {unknown}
 K - a scroll of acquirement {unknown}
Potions
 f - 11 potions of enlightenment
 i - 4 potions of curing {@q1}
 l - 2 potions of mutation
 o - a potion of haste {@q3}
 x - a potion of brilliance {unknown}
 z - 3 potions of attraction
 F - 2 potions of lignification
 M - a potion of ambrosia {unknown}
 O - 5 potions of might {unknown}

Dungeon Overview and Level Annotations

Branches:
Dungeon (12/15)            Temple (1/1) D:5            Lair (0/5) D:10
    Orc (0/2) D:10          Sewer (visited)          Bailey (visited)
  IceCv (1/1)

Altars:
Ashenzari
Cheibriados
Dithmenos
Elyvilon
Fedhas
Gozag
Hepliaklqana
Kikubaaqudgha
Makhleb
Nemelex Xobeh
Okawaru
Qazlal
Ru
Sif Muna
Trog
Uskayaw
Vehumet
Wu Jian
Xom
Yredelemnul
Zin
The Shining One

Annotations:
D:5 1 runed translucent door, zenocrate's ghost, weakling OnDe
D:6 3 runed translucent doors, Bravepunisher's ghost, weakling SpMo
D:8 3 runed translucent doors, Posi's ghost, novice MDFi

....# #...## #.. ...##
##...# .. ...# #..## ▒
.. ##..## ##..#### ▒.
#. #....# #..#..## #.
#.##5#..# #..#...#
▒.#..#.#..##.##
#.......
.▒......2Z..#..#
#...##..
........@Z.....#
#..###..
▒..####...#...#
##.#.##.
▒.........#...#
##....#.
▒▒........#.#.#
#....##.
▒...#..###...###....#..
▒#..#.##....○.##)..##..
#..#.#.°...#°.##[.#..#
###..§.☼#.###..####..#
#..§§#°..# #...###.##


You could see a reaper, 2 harpy simulacra and an ufetubus.


Message History

The harpy simulacrum completely misses you.
The harpy simulacrum barely misses you.
The harpy simulacrum closely misses you.
The harpy simulacrum completely misses you. x4
The harpy simulacrum claws you.
* * * LOW HITPOINT WARNING * * *
The harpy simulacrum freezes you!
* * * LOW HITPOINT WARNING * * *
The harpy simulacrum claws you but does no damage.
Unknown command.
Unknown command.
The harpy simulacrum attacks as it pursues you!
The harpy simulacrum claws you but does no damage.
The harpy simulacrum closely misses you.
Unknown command.
Unknown command.
Your surroundings suddenly seem different.
The harpy simulacrum closely misses you.
The harpy simulacrum completely misses you.
The reaper misses you.
Unknown command.
Unknown command.
Okay, then.
You feel yourself speed up.
The harpy simulacrum claws you but does no damage.
The harpy simulacrum claws you.
* * * LOW HITPOINT WARNING * * *
The harpy simulacrum freezes you!
You die...
Hepliaklqana delivers you to your ancestors.

Skill      XL: |  1  2  3  4  5  6  7  8  9 10 11 12 |
---------------+-------------------------------------+-----
Dodging        | 3 4 5 6 7 9 10 11 | 11.1
Fighting       | 3 4 5 6 8 9 11 12 | 12.0
Long Blades    | 4 5 7 8 10 11 12 | 12.0
Throwing       | |  1.7

Action                     |  1- 3 |  4- 6 |  7- 9 | 10-12 || total
---------------------------+-------+-------+-------+-------++-------
  Melee: Long sword        |    94 |   124 |   317 |   270 ||   805
         Dagger            |       |   110 |   286 |    53 ||   449
         Scimitar          |       |       |       |   227 ||   227
  Throw: Throwing net      |       |     1 |       |       ||     1
 Invoke: Ancestor Life: Ba |       |       |       |     1 ||     1
  Evoke: Wand              |       |       |       |     1 ||     1
    Use: Scroll            |       |     6 |     4 |     5 ||    15
         Potion            |       |       |     2 |     2 ||     4
   Stab: Sleeping          |       |     3 |       |       ||     3
         Confused          |       |       |     6 |       ||     6
         Paralysed         |       |       |     2 |       ||     2
         Held in net/web   |       |       |     2 |     1 ||     3
         Petrifying        |       |       |     1 |       ||     1
         Distracted        |       |       |       |     1 ||     1
 Armour: Leather armour    |    58 |    54 |       |       ||   112
         Chain mail        |       |    24 |   228 |       ||   252
         Plate armour      |       |       |     8 |   234 ||   242
  Dodge: Dodged            |    62 |    82 |   196 |   252 ||   592

Levels and vault maps discovered:
D:1:      heliophobic_arrival_henge, layout_basic
D:2:      layout_basic, uniq_robin
D:3:      layout_basic, dreamdust_ecumenical_altar_angels_and_demons,
          nicolae_concentric_dashed_squares_wild, hangedman_feature_mirror
D:4:      layout_loops_ring, minivault_5, chequers_serial_rivers_small_b,
          chequers_serial_rivers_large_b
D:5:      layout_loops_cross, temple_pool_b, hellmonk_ghost_happy_afterlife,
          portal_sewer_entry_f, minivault_11
D:6:      layout_basic, gammafunk_ghost_split
D:7:      layout_loops_ring, nemelex_spade_bored_becter, enter_bailey_2,
          uniq_pikel, uniq_maurice
D:8:      layout_basic, gammafunk_ghost_nasty_kobolds, grunt_decor_clamped,
          uniq_maggie
D:9:      layout_rooms
D:10:     minmay_razor_zed, layout_gridville, fedhas_altar_3,
          grunt_lair_entry_orc_guard_hut, grunt_decor_resistance, uniq_erica
D:11:     layout_basic, nrook_loot_triangle
D:12:     layout_loops_corners, portal_ice_cave_demonic_guard,
          ebering_ghost_gozag, uniq_lodul, uniq_jorgrun
Temple:   nicolae_temple_bog_church
IceCv:    ice_cave_small_demon

Notes
Turn   | Place    | Note
-------+----------+-------------------------------------------
     0 | D:1      | cforsyth the Coglin Gladiator began the quest for the Orb.
     0 | D:1      | Reached XP level 1. HP: 16/16 MP: 1/1
   103 | D:1      | Reached XP level 2. HP: 15/22 MP: 2/2
   366 | D:1      | Reached skill level 3 in Dodging
   480 | D:1      | Reached XP level 3. HP: 26/28 MP: 3/3
  1002 | D:2      | Identified the +0 robe "Seoxatas" {rF- Str+4 SInv}
  1380 | D:2      | Reached XP level 4. HP: 28/34 MP: 4/4
  1422 | D:2      | Noticed Robin
  1428 | D:1      | Reached skill level 3 in Fighting
  1667 | D:2      | Killed Robin
  1938 | D:3      | Reached skill level 4 in Long Blades
  1938 | D:3      | Reached XP level 5. HP: 41/41 MP: 5/5
  2311 | D:3      | Found a faded altar of an unknown god.
  3017 | D:4      | Reached skill level 4 in Dodging
  3021 | D:4      | Reached skill level 4 in Fighting
  3021 | D:4      | Reached XP level 6. HP: 18/48 MP: 6/6
  4047 | D:5      | Entered Level 5 of the Dungeon
  4098 | D:5      | Reached skill level 5 in Long Blades
  4098 | D:5      | Reached XP level 7. HP: 51/55 MP: 7/7
  4127 | D:5      | Reached skill level 5 in Fighting
  4135 | D:5      | Found a glowing drain.
  4192 | Sewer    | Entered a sewer
  4429 | Sewer    | Reached skill level 5 in Dodging
  5142 | D:5      | Reached XP level 8. HP: 63/63 MP: 8/8
  5157 | D:5      | Found a staircase to the Ecumenical Temple.
  5366 | D:5      | Found a runed translucent door.
  5366 | D:5      | Noticed zenocrate's ghost (weakling OnDe)
  5373 | D:5      | Reached skill level 6 in Long Blades
  5928 | D:6      | Found a runed translucent gate.
  5928 | D:6      | Found a runed translucent gate.
  5928 | D:6      | Found a runed translucent gate.
  5929 | D:6      | Noticed a shadow
  5930 | D:6      | Noticed Bravepunisher's ghost (weakling SpMo)
  5946 | D:6      | Reached skill level 6 in Fighting
  6061 | D:6      | Reached skill level 6 in Dodging
  6214 | D:6      | Reached skill level 7 in Long Blades
  6214 | D:6      | Reached XP level 9. HP: 60/71 MP: 9/9
  6490 | D:6      | Identified the +4 long sword of Wrath {freeze, ^Contam
                  | rElec Will+ Str+2}
  6854 | D:7      | Reached skill level 7 in Fighting
  6879 | D:7      | Noticed Maurice
  6977 | D:7      | Something stole 2 throwing nets {=f}
  6978 | D:7      | Something stole 188 gold
  6979 | D:7      | Something stole 145 gold
  6982 | D:7      | Something stole 154 gold
  6998 | D:7      | Something stole a throwing net {=f}
  7002 | D:7      | Killed Maurice
  7003 | D:7      | Reached skill level 7 in Dodging
  7039 | D:7      | Found a flagged portal.
  7167 | Bailey   | Entered a bailey
  7721 | Bailey   | Reached skill level 8 in Long Blades
  8223 | D:7      | Reached skill level 8 in Fighting
  8240 | D:7      | Noticed Pikel
  8251 | D:7      | Killed Pikel
  8252 | D:7      | Reached XP level 10. HP: 82/82 MP: 10/10
  8504 | D:7      | Found a sparkling altar of Nemelex Xobeh.
  8559 | D:7      | Reached skill level 8 in Dodging
  8950 | Temple   | Entered the Ecumenical Temple
  8958 | Temple   | Became a worshipper of Hepliaklqana the Forgotten
  9038 | D:7      | Reached skill level 9 in Long Blades
  9380 | D:8      | Reached skill level 9 in Fighting
  9464 | D:8      | Noticed Maggie
  9470 | D:8      | Killed Maggie
  9752 | D:8      | Found a runed translucent gate.
  9752 | D:8      | Found a runed translucent gate.
  9752 | D:8      | Noticed Posi's ghost (novice MDFi)
  9753 | D:8      | Found a runed translucent gate.
 10165 | D:9      | Reached * piety under Hepliaklqana
 10267 | D:9      | Noticed a two-headed ogre
 10274 | D:9      | Killed a two-headed ogre
 10275 | D:9      | Reached skill level 10 in Long Blades
 10275 | D:9      | Reached skill level 9 in Dodging
 10275 | D:9      | Reached XP level 11. HP: 69/81 MP: 11/11
 10396 | D:9      | Reached skill level 10 in Fighting
 10739 | D:10     | Entered Level 10 of the Dungeon
 10918 | D:10     | Noticed Erica
 10926 | D:10     | Killed Erica
 11245 | D:10     | Reached ** piety under Hepliaklqana
 11247 | D:10     | Remembered your ancestor Jumoilyc as a battlemage
 11480 | D:10     | Found a staircase to the Orcish Mines.
 11570 | D:10     | Reached skill level 10 in Dodging
 11615 | D:10     | Reached skill level 11 in Long Blades
 11691 | D:10     | Found a staircase to the Lair.
 11695 | D:10     | Reached skill level 11 in Fighting
 11822 | D:10     | Found a blossoming altar of Fedhas.
 11865 | D:10     | Noticed a two-headed ogre
 11870 | D:10     | Killed a two-headed ogre
 12421 | D:11     | Reached XP level 12. HP: 79/90 MP: 12/12
 12654 | D:11     | Noticed a boulder beetle
 12666 | D:11     | Killed a boulder beetle
 13086 | D:12     | Found a frozen archway.
 13179 | IceCv    | Entered an ice cave
 13389 | IceCv    | HP: 5/90 [something] (20)]
 14160 | IceCv    | Reached skill level 11 in Dodging
 14353 | IceCv    | Reached skill level 12 in Long Blades
 14531 | IceCv    | Reached skill level 12 in Fighting
 14735 | IceCv    | Noticed a reaper
 14748 | IceCv    | Slain by a harpy simulacrum

Vanquished Creatures
  A boulder beetle (D:11)
  2 two-headed ogres
  Erica (D:10)
  Pikel (D:7)
  Maurice (D:7)
  An elephant (D:10)
  2 ice statues (IceCv)
  Maggie (D:8)
  5 ice devils
  An anaconda simulacrum (IceCv)
  2 trolls
  2 shadows (D:11)
  A dire elephant simulacrum (IceCv)
  4 wyverns
  18 yaks
  2 wraiths
  A harpy simulacrum (IceCv)
  2 acid dragons
  A water moccasin (D:8)
  4 orc warriors (Bailey)
  3 ice beasts
  A sky beast (D:7)
  4 ogres
  5 centaurs
  A lemure (D:7)
  A phantom (D:6)
  A kobold brigand (D:8)
  A brain worm (Sewer)
  5 bullfrogs
  3 gnoll sergeants
  6 scorpions
  3 two-headed ogre simulacra (IceCv)
  17 wights
  4 killer bees (D:10)
  A howler monkey (D:11)
  3 bombardier beetles
  4 hounds
  A jelly (D:6)
  3 orc priests
  5 iguanas
  A gnoll bouda (D:9)
  5 sleepcaps
  2 orc wizards
  2 troll simulacra (IceCv)
  2 wolf simulacra (IceCv)
  Robin (D:2)
  8 adders
  10 gnolls
  2 river rats (Sewer)
  2 shadow imps
  A white imp (IceCv)
  4 ufetubi
  A dart slug (Sewer)
  5 ribbon worms
  15 orcs
  4 ball pythons
  7 endoplasms
  6 giant cockroaches
  17 goblins
  5 hobgoblins
  2 jackals (D:3)
  8 quokkas
  12 bats
  6 frilled lizards
  18 kobolds
  4 rats
275 creatures vanquished.

Vanquished Creatures (collateral kills)
  A komodo dragon (D:10)
  2 ice devils (IceCv)
  A troll (D:11)
  2 yaks (D:11)
  A vampire mosquito (D:10)
  2 centaurs (D:10)
  A two-headed ogre simulacrum (IceCv)
  A cane toad simulacrum (IceCv)
  2 killer bees (D:10)
  A polar bear simulacrum (IceCv)
  2 gnolls (D:9)
  2 white imps (IceCv)
  An ufetubus (IceCv)
  A dart slug (Sewer)
  An orc (D:10)
21 creatures vanquished.

Vanquished Creatures (others)
  4 battlemagi
4 creatures vanquished.

Grand Total: 300 creatures vanquished

Table legend: (Time is in decaauts)
 A = Elapsed time spent in this place.
 B = Non-inter-level travel time spent in this place.
 C = Inter-level travel time spent in this place.
 D = Time resting spent in this place.
 E = Time spent auto-exploring this place.
 F = Levels seen in this place.
 G = Mean time per level.
                   A        B        C        D        E       F      G
               +--------+--------+--------+--------+--------+-----+--------+
         Total |  15357 |  14603 |    754 |   2982 |   8852 |  16 |  959.8 |
       Dungeon |  11631 |  10886 |    745 |   1043 |   7945 |  12 |  969.2 |
        Temple |     17 |      8 |      9 |      0 |      0 |   1 |   17.0 |
         Sewer |   1132 |   1132 |      0 |    175 |    702 |   1 | 1132.0 |
        Bailey |   1003 |   1003 |      0 |    544 |    100 |   1 | 1003.0 |
      Ice Cave |   1572 |   1572 |      0 |   1219 |    105 |   1 | 1572.0 |
               +--------+--------+--------+--------+--------+-----+--------+

Top non-repeatable levels by time:
   IceCv: 1572 daAuts
    D:10: 1467 daAuts
     D:7: 1420 daAuts
     D:1: 1356 daAuts
     D:4: 1169 daAuts
   Sewer: 1132 daAuts
     D:6: 1113 daAuts
     D:3: 1022 daAuts
  Bailey: 1003 daAuts
     D:5: 965 daAuts
    D:11: 890 daAuts
     D:8: 825 daAuts
     D:2: 661 daAuts
     D:9: 591 daAuts
    D:12: 148 daAuts

Table legend:
 A = Non-vault XP
 B = Vault XP
 C = Vault XP percentage of total XP
 D = Non-vault monster count
 E = Vault monster count
 F = Vault count percentage of total count
                 A         B        C        D         E       F
            +---------+---------+-------+---------+---------+-------
      Total |   14288 |   10625 |  42.6 |     186 |     109 |  36.9
            +---------+---------+-------+---------+---------+-------
        D:1 |      57 |      24 |  29.6 |      22 |       8 |  26.7
        D:2 |      28 |      22 |  44.0 |       9 |       3 |  25.0
        D:3 |     166 |       0 |   0.0 |      16 |       0 |   0.0
        D:4 |     193 |       0 |   0.0 |      16 |       0 |   0.0
        D:5 |     790 |      18 |   2.2 |      13 |       6 |  31.6
        D:6 |     959 |       0 |   0.0 |      15 |       0 |   0.0
        D:7 |    1814 |    1200 |  39.8 |      22 |       2 |   8.3
        D:8 |    1560 |     386 |  19.8 |      22 |       1 |   4.3
        D:9 |    2906 |       0 |   0.0 |      20 |       0 |   0.0
       D:10 |    3046 |    3568 |  53.9 |      21 |      17 |  44.7
       D:11 |    2769 |       0 |   0.0 |      10 |       0 |   0.0
       D:12 |       0 |     678 | 100.0 |       0 |       2 | 100.0
      Sewer |       0 |     217 | 100.0 |       0 |      22 | 100.0
     Bailey |       0 |     599 | 100.0 |       0 |      22 | 100.0
      IceCv |       0 |    3913 | 100.0 |       0 |      26 | 100.0
            +---------+---------+-------+---------+---------+-------
